 Dungeon Crawl Stone Soup version 0.30-a0-691-g754fce4c43 (webtiles) character file.

Game seed: 12026783678607030560

78 Citaku the Shield-Bearer (level 4, -3/37 HPs)
             Began as a Formicid Fighter on Jan 19, 2023.
             Slain by a gnoll bouda
             ... wielding a +0 whip
              (5 damage)
             ... on level 4 of the Dungeon.
             The game lasted 00:03:26 (2255 turns).

Citaku the Shield-Bearer (Formicid Fighter)         Turns: 2255, Time: 00:03:26

Health: -3/37      AC:  7    Str: 23    XL:     4   Next: 61%
Magic:  4/4        EV: 10    Int:  7    God:
Gold:   105        SH:  5    Dex: 13    Spells: 3/3 levels left

rFire   + . .      SeeInvis +    a - +0 war axe
rCold   . . .      Faith    .    c - +0 buckler
rNeg    . . .      Spirit   .    n - +2 ring mail {rPois}
rPois   +          Reflect  .    (helmet unavailable)
rElec   .          Harm     .    (no cloak)
rCorr   .          Rampage  .    (no gloves)
Will    .....                    (no boots)
Stlth   +                        (no amulet)
HPRegen 0.26/turn                l - ring of protection from fire
MPRegen 0.09/turn                (no ring)

@: no status effects
A: permanent stasis, dig shafts and tunnels, antennae 3, four strong arms
a: Dig, Shaft Self


You were on level 4 of the Dungeon.
You visited 1 branch of the dungeon, and saw 4 of its levels.

You collected 105 gold pieces.

Inventory:

Hand Weapons
 a - a +0 war axe (weapon)
Armour
 c - a +0 buckler (worn)
 n - a +2 ring mail of poison resistance (worn)
Jewellery
 l - a ring of protection from fire (left hand)
Wands
 m - a wand of polymorph (6)
Scrolls
 e - 2 scrolls of vulnerability {unknown}
 f - 2 scrolls of enchant weapon {unknown}
 g - a scroll of poison {unknown}
 i - a scroll of fear {unknown}
 k - 2 scrolls of blinking {unknown}
 p - a scroll of identify {unknown}
 q - a scroll of magic mapping {unknown}
Potions
 b - a potion of berserk rage {unknown}
 d - 2 potions of might
 h - a potion of attraction {unknown}
 j - a potion of flight {unknown}
 o - a potion of heal wounds


   Skills:
 + Level 3.8 Fighting
 - Level 2.3 Axes
 * Level 4.2 Armour
 * Level 5.0 Shields


You had 3 spell levels left.
You didn't know any spells.
Your spell library was empty.

Dungeon Overview and Level Annotations

Branches:
Dungeon (4/15)
 Temple: D:4-7

Altars:
Fedhas

Shops:
D:2 :


Innate Abilities, Weirdness & Mutations

You cannot be hasted, slowed, berserked, paralysed or teleported.
You can dig through walls and to a lower floor.
You have a pair of large antennae on your head. (SInv)
Your four strong arms can wield two-handed weapons with a shield.


Message History

You are too injured to fight recklessly!
You are too injured to fight recklessly!
You are too injured to fight recklessly!
You are too injured to fight recklessly!
You are too injured to fight recklessly!
You are too injured to fight recklessly!
You are too injured to fight recklessly!
You are too injured to fight recklessly!
You are too injured to fight recklessly!
You are too injured to fight recklessly!
You are too injured to fight recklessly!
You are too injured to fight recklessly!
You slash the gnoll!
You kill the gnoll!
You hit the gnoll bouda.
The gnoll bouda is lightly wounded.
Your attacks no longer feel as feeble.
The gnoll bouda gazes fiercely through you!
You feel your attacks grow feeble. You block the gnoll bouda's attack.
The gnoll misses you. You block the gnoll bouda's attack.
You closely miss the gnoll bouda.
The gnoll bouda is lightly wounded.
The gnoll hits you but does no damage.
The gnoll bouda hits you with a +0 whip.
* * * LOW HITPOINT WARNING * * *
You hit the gnoll bouda.
The gnoll bouda is moderately wounded.
The gnoll hits you from afar with a +0 halberd.
* * * LOW HITPOINT WARNING * * *
The gnoll bouda hits you with a +0 whip.
* * * LOW HITPOINT WARNING * * *
The gnoll closely misses you.
The gnoll bouda hits you but does no damage.
You slash the gnoll bouda!
The gnoll bouda is heavily wounded.
Your attacks no longer feel as feeble.
The gnoll closely misses you.
The gnoll bouda hits you with a +0 whip.
You die...

#.# #.# #g# #g# #g#
#g# #g# ### # #@#
#.# #...###.#######
#.# .....)..#.....#
#.#
#...####..###.####.#
## #........)..#
#...###..#.## {
#.....#..#.#
#....#.#...#
#..###...###


You could see a gnoll bouda and 4 gnolls.

Vanquished Creatures
  Ijyb (D:3)
  A gnoll (D:4)
  An adder (D:2)
  2 dart slugs
  An orc (D:3)
  An endoplasm (D:3)
  3 giant cockroaches
  A goblin (D:2)
  2 hobgoblins
  3 kobolds
  2 quokkas
  A ball python (D:3)
  5 bats
  3 frilled lizards
  3 rats (D:1)
30 creatures vanquished.

Vanquished Creatures (others)
  2 fungi (D:2)
  2 plants (D:2)
4 creatures vanquished.

Grand Total: 34 creatures vanquished

Notes
Turn   | Place    | Note
-------+----------+-------------------------------------------
     0 | D:1      | Citaku the Formicid Fighter began the quest for the Orb.
     0 | D:1      | Reached XP level 1. HP: 18/18 MP: 1/1
    75 | D:1      | Reached XP level 2. HP: 24/24 MP: 2/2
   718 | D:2      | Found a faded altar of an unknown god.
   777 | D:2      | Found Rarucug's Book Shop.
   947 | D:2      | Reached XP level 3. HP: 23/29 MP: 3/3
  1036 | D:2      | Found a blossoming altar of Fedhas.
  1523 | D:3      | Noticed Ijyb
  1551 | D:3      | Killed Ijyb
  1551 | D:3      | HP: 1/29 [orc/+0 dagger (1)]
  1552 | D:3      | Reached XP level 4. HP: 2/37 MP: 4/4
  2228 | D:4      | Reached skill level 5 in Shields
  2254 | D:4      | HP: 1/37 [gnoll bouda/+0 whip (1)]
  2255 | D:4      | Slain by a gnoll bouda

Illustrated notes

Levels and vault maps discovered:
D:1:      wander_arrival_fairy_ring, layout_basic,
          chequers_serial_rivers_micro_d, kennysheep_boxes
D:2:      layout_basic, serial_shops, nicolae_shop_hallway_plus, basic_altar,
          dreamdust_ecumenical_altar_grove, serial_park_tiny_1, minivault_24
D:3:      layout_basic, uniq_ijyb
D:4:      layout_loops_ring, mainiacjoe_overflow_paths, trog_butcher_becter,
          amethyst_overflow_temple_binary, chequers_hall_statues_corner_a,
          minmay_misc_feat_square

Skill      XL: |  1  2  3  4 |
---------------+-------------+-----
Armour         | 4 |  4.2
Shields        | 5 |  5.0
Fighting       | |  3.8
Axes           | |  2.3

Action                   |  1- 3 |  4- 6 || total
-------------------------+-------+-------++-------
Melee: War axe           |    74 |    27 ||   101
       Unarmed           |    22 |     1 ||    23
  Use: Potion            |     1 |       ||     1
Armor: Scale mail        |    38 |       ||    38
       Skin              |    10 |       ||    10
       Ring mail         |       |    16 ||    16
Dodge: Dodged            |    61 |    19 ||    80
Block: Buckler           |    22 |    11 ||    33

Table legend: (Time is in decaauts)
 A = Elapsed time spent in this place.
 B = Non-inter-level travel time spent in this place.
 C = Inter-level travel time spent in this place.
 D = Time resting spent in this place.
 E = Time spent auto-exploring this place.
 F = Levels seen in this place.
 G = Mean time per level.
                   A        B        C        D        E       F      G
               +--------+--------+--------+--------+--------+-----+--------+
         Total |   2294 |   2181 |    113 |      0 |   1848 |   4 |  573.5 |
       Dungeon |   2294 |   2181 |    113 |      0 |   1848 |   4 |  573.5 |
               +--------+--------+--------+--------+--------+-----+--------+

Top non-repeatable levels by time:
     D:2: 781 daAuts
     D:1: 724 daAuts
     D:3: 715 daAuts
     D:4: 71 daAuts
